 Dungeon Crawl Stone Soup version 0.28-a0-224-g76b539d98b (webtiles) character file.

Game seed: 9550548380295542019

296175 timneilson the Tortoise (level 20, 0/131 HPs)
             Began as a Gargoyle Fighter on Aug 22, 2021.
             Was a High Priest of Okawaru.
             Slain by a vault warden (39 damage)
             ... on level 2 of the Vaults.
             The game lasted 02:07:31 (34290 turns).

timneilson the Tortoise (Gargoyle Fighter)         Turns: 34290, Time: 02:07:32

Health: 0/131      AC: 51    Str: 32    XL:     20   Next: 90%
Magic:  47/47      EV: 10    Int: 17    God:    Okawaru [*****.]
Gold:   1078       SH: 18    Dex: 14    Spells: 19/19 levels left

rFire   . . .      SeeInvis +   I - +6 double sword "Yhan" {vorpal, rPois MP+9 Int+3}
rCold   . . .      Faith    .   K - +2 kite shield {reflect}
rNeg    + + .      Spirit   .   g - +3 crystal plate armour
rPois   ∞          Reflect  +   j - +0 helmet
rElec   +          Harm     .   q - +1 cloak {Will+}
rCorr   .          Rampage  ∞   M - +0 pair of gloves {Stlth+}
Will    ++...                   V - +3 pair of seven-league boots {Rampage+∞}
Stlth   ..........              v - amulet of regeneration
HPRegen 1.31/turn               i - ring "Doudaama" {Str+6 SInv}
MPRegen 0.30/turn               t - ring "Usol" {rElec rN+ MP+9 Dex+3}

@: about to teleport, heroic, corroded, flying
A: sickness immunity, AC +15, big wings, negative energy resistance 1,
electricity resistance, torment resistance 1, petrification resistance, agile 1,
clever 1
}: 2/15 runes: barnacled, gossamer
a: Renounce Religion, Heroism, Finesse, Duel


You were on level 2 of the Vaults.
You worshipped Okawaru.
Okawaru was extremely pleased with you.
You visited 8 branches of the dungeon, and saw 35 of its levels.
You visited the Abyss 1 time.
You also visited: Bailey and Gauntlet.

You collected 3718 gold pieces.
You spent 2640 gold pieces at shops.

Inventory:

Hand Weapons
 f - a +1 scimitar of flaming
 I - the +6 double sword "Yhan" (weapon) {vorpal, rPois MP+9 Int+3}
   (You acquired it on level 1 of the Shoals)

   It inflicts extra damage upon your enemies.
   Int:       It affects your intelligence (+3).
   rPois:     It protects you from poison.
   MP:        It affects your magic capacity (+9).
 S - a +6 demon blade of freezing
Armour
 g - a +3 crystal plate armour (worn)
 j - a +0 helmet (worn)
 q - a +1 cloak of willpower (worn)
 K - a +2 kite shield of reflection (worn)
 L - the +5 kite shield "Iveariu" {rF+ rC+}
   (You acquired it on level 1 of the Shoals)

   rF:        It protects you from fire.
   rC:        It protects you from cold.
 M - a +0 pair of gloves of stealth (worn)
 V - the +3 pair of seven-league boots (worn) {Rampage+∞}
   (You acquired it on level 3 of the Spider Nest)

   Its wearer moves as far as possible in that direction when moving towards
   enemies.
Jewellery
 i - the ring "Doudaama" (left hand) {Str+6 SInv}
   (You found it in a Gauntlet)

   [ring of see invisible]

   Str:       It affects your strength (+6).
   SInv:      It lets you see invisible.
 m - a ring of resist corrosion
 t - the ring "Usol" (right hand) {rElec rN+ MP+9 Dex+3}
   (You found it on level 6 of the Dungeon)

   [ring of magical power]

   Dex:       It affects your dexterity (+3).
   rElec:     It insulates you from electricity.
   rN:        It protects you from negative energy.
   MP:        It affects your magic capacity (+9).
 v - an amulet of regeneration (around neck)
 z - the ring "Toasich" {Wiz rF+ Int+2}
   (You found it on level 14 of the Dungeon)

   [ring of wizardry]

   It improves your spell success rate.
   Int:       It affects your intelligence (+2).
   rF:        It protects you from fire.
 C - a ring of positive energy
 G - a ring of willpower
 Q - a ring of see invisible
 T - a ring of ice
Wands
 a - a wand of paralysis (14)
 o - a wand of acid (6)
 r - a wand of mindburst (9)
 y - a wand of digging (4)
 A - a wand of flame (31)
 D - a wand of iceblast (28)
Scrolls
 b - 3 scrolls of enchant armour
 h - 7 scrolls of teleportation
 k - 5 scrolls of enchant weapon
 l - 25 scrolls of identify
 n - 3 scrolls of fear
 u - 2 scrolls of holy word
 x - 4 scrolls of fog
 B - 5 scrolls of silence
 E - 3 scrolls of blinking
 O - 4 scrolls of amnesia
 P - 3 scrolls of magic mapping
Potions
 c - 8 potions of invisibility
 d - 9 potions of attraction
 e - 5 potions of lignification
 p - 12 potions of curing
 s - 3 potions of ambrosia
 F - 5 potions of haste
 H - 2 potions of cancellation
 J - 2 potions of resistance
 R - a potion of brilliance
 U - 3 potions of might


   Skills:
 + Level 16.1(21.1) Fighting
 * Level 17.2(22.2) Long Blades
 * Level 18.5(23.5) Armour
 * Level 18.5(23.5) Shields
 + Level 13.1 Invocations
 + Level 10.3 Evocations


You had 19 spell levels left.
You didn't know any spells.
Your spell library contained the following spells:

 Spells                   Type           Power      Damage    Failure   Level
 Apportation              Tloc           0%         N/A       83%         1
 Beastly Appendage        Tmut           0%         N/A       83%         1
 Foxfire                  Conj/Fire      0%         2x1d4     83%         1
 Freeze                   Ice            0%         1d3       83%         1
 Magic Dart               Conj           0%         1d3       83%         1
 Pain                     Necr           0%         1d4       83%         1
 Shock                    Conj/Air       0%         1d3       83%         1
 Corpse Rot               Necr/Air       N/A        N/A       92%         2
 Static Discharge         Conj/Air       0%         N/A       92%         2
 Wereblood                Tmut           0%         N/A       92%         2
 Conjure Flame            Conj/Fire      0%         6-21      99%         3
 Dazzling Flash           Conj/Hex       0%         N/A       99%         3
 Frozen Ramparts          Ice            0%         1d2       99%         3
 Gell's Gravitas          Tloc           0%         N/A       99%         3
 Inner Flame              Hex/Fire       0%         N/A       99%         3
 Lesser Beckoning         Tloc           0%         N/A       99%         3
 Mephitic Cloud           Conj/Pois/Air  0%         N/A       99%         3
 Spider Form              Tmut/Pois      0%         N/A       99%         3
 Swiftness                Air            0%         N/A       99%         3
 Teleport Other           Tloc           0%         N/A       99%         3
 Vampiric Draining        Necr           0%         2d6       99%         3
 Airstrike                Air            0%         N/A       100%        4
 Cause Fear               Hex            0%         N/A       100%        4
 Dispel Undead            Necr           0%         3d6       100%        4
 Hailstorm                Conj/Ice       0%         3d3       100%        4
 Iskenderun's Mystic Bla  Conj/Tloc      0%         2d3       100%        4
 Leda's Liquefaction      Hex/Erth       0%         N/A       100%        4
 Passage of Golubria      Tloc           N/A        N/A       100%        4
 Sticky Flame             Conj/Fire      0%         2d3       100%        4
 Borgnjor's Vile Clutch   Necr/Erth      0%         N/A       100%        5
 Lightning Bolt           Conj/Air       0%         1d11      100%        5
 Silence                  Hex/Air        0%         N/A       100%        5
 Conjure Ball Lightning   Conj/Air       0%         3x3d6     100%        6
 Starburst                Conj/Fire      0%         6d3       100%        6
 Dragon Form              Tmut           0%         N/A       100%        7
 Discord                  Hex            0%         N/A       100%        8
 Disjunction              Tloc           0%         N/A       100%        8
 Lehudib's Crystal Spear  Conj/Erth      0%         10d2      100%        8
 Animate Skeleton         Necr           Unusable   N/A       N/A         1
 Call Imp                 Summ           Unusable   N/A       N/A         2
 Summon Guardian Golem    Hex/Summ       Unusable   N/A       N/A         3
 Summon Lightning Spire   Summ/Air       Unusable   N/A       N/A         4
 Death Channel            Necr           Unusable   N/A       N/A         6
 Dragon's Call            Summ           Unusable   N/A       N/A         9

Dungeon Overview and Level Annotations

Branches:
Dungeon (15/15)            Temple (1/1) D:5            Lair (6/6) D:11
 Shoals (4/4) Lair:4       Spider (4/4) Lair:4        Slime (0/5) Lair:6
    Orc (2/2) D:11            Elf (0/3) Orc:2        Vaults (2/5) D:13
  Crypt (0/3) Vaults:2     Depths (1/5) D:15         Bailey (visited)
Gauntlet (visited)

Altars:
Ashenzari
Cheibriados
Dithmenos
Elyvilon
Fedhas
Gozag
Hepliaklqana
Kikubaaqudgha
Makhleb
Nemelex Xobeh
Okawaru
Qazlal
Ru
Sif Muna
Trog
Uskayaw
Vehumet
Wu Jian
Xom
Yredelemnul
Zin
The Shining One
Beogh
Jiyva

Shops:
D:7 (   D:8 *   D:15 ?   Orc:2 (*=(   Shoals:1 ?   Shoals:3 !

Portals:
Hell: Depths:1
Abyss: Lair:1

Annotations:
D:3 2 transporters, HuGe's ghost, amateur HuBe
D:10 3 runed translucent doors, exclusion: obsidian statue, Thraspic's ghost, journeyman VSCK
Lair:1 2 transporters, avis's ghost, journeyman OpTm
Lair:3 exclusion: ice statue
Spider:4 2 runed translucent doors, Nausicaa's ghost, adept MiBe
Orc:1 2 transporters


Innate Abilities, Weirdness & Mutations

You are immune to sickness and miasma.
Your stone body is resilient. (AC +15)
You are immune to poison.
Your large and strong wings let you fly.
You resist negative energy. (rN+)
You are resistant to electric shocks. (rElec)
You are resistant to unholy torment.
You are immune to petrification.
You are agile. (Dex +2)
Your mind is acute. (Int +2)


Message History

The cyan very ugly thing bites you but does no damage.
You block the slime creature's attack.
The ironbound preserver closely misses you.
You riposte.
You slash the ironbound preserver!
The ironbound preserver is lightly wounded.
The yaktaur captain hits you. The vault warden barely misses you.
The ironbound convoker is empowered by the deep elf high priest's aura!
The ironbound convoker closely misses you.
You riposte.
You barely miss the ironbound convoker.
The ironbound convoker is moderately wounded.
You hit the slime creature.
The slime creature is severely wounded.
You block the ironbound preserver's attack.
The slime creature barely misses you.
The cyan very ugly thing bites you but does no damage.
The ironbound preserver hits you but does no damage.
Unknown command.
You slice the slime creature!!
The slime creature is almost dead.
The runic seal fades away.
The vault warden activates a sealing rune.
You block the yaktaur captain's attack.
You block the ironbound convoker's attack.
You block the ironbound preserver's attack.
You slash the slime creature!
You kill the slime creature!
Okawaru accepts your kill.
The ironbound preserver seems less brilliant.
The deep elf high priest is no longer giving off an aura.
The cyan very ugly thing bites you but does no damage.
The ironbound preserver hits you with a +0 morningstar.
The ironbound convoker hits you with a +0 great mace!
* * * LOW HITPOINT WARNING * * *
The deep elf high priest unwields a +2 short sword of protection.
The deep elf high priest wields a +0 shortbow.
The deep elf high priest shoots an arrow.
You reflect the arrow off your +2 kite shield of reflection!
The arrow hits the deep elf high priest!
The vault warden hits you with a +1 vorpal war axe!!!
You die...

##.# ***** *,,*
***** #..#
**,,,**##.[##**,,,**
##.#
*,,,,,**....#*,,,,,*
...#
*,,,,,##....##,,,,^*
...#
*,.,,##......##,,,,*
...#
*,..##..#..#..##.,,*
...#
*,.......p.......,,*
####
*,.....pppp......,,*
#
*,,,*#..#@p#..#*,,,*
#
*,,,,*#pu†c..#*,,,,*
#
*,,,,,##.ec.##,,,,,*
#
*,,,,,*#....#*,,,,,*
#
**,,,**##..##**,,,**
# ***** #..# ***** #
#########+## #
#.........# #
#.........#


You could see 3 ironbound preservers, a cyan very ugly thing (sheltered), a
vault warden (strong, empowered, sheltered), a yaktaur captain (sheltered), a
centaur warrior (sheltered), a deep elf high priest (sheltered) and 3 ironbound
convokers.

Vanquished Creatures
  Nikola (Depths:1)
  Rupert (Lair:5)
  Polyphemus (Shoals:2)
  2 sphinxes
  An ancient champion (Vaults:2)
  Gastronok (D:8)
  Kirke (Shoals:4)
  A fire giant (Depths:1)
  Donald (Vaults:1)
  5 ghost moths
  Aizul (Shoals:4)
  2 vault wardens (Vaults:2)
  4 orc warlords
  Louise (Shoals:2)
  8 ironbound preservers
  4 emperor scorpions
  A balrug (Depths:1)
  3 very ugly things
  3 stone giants (Depths:1)
  Nessos (D:13)
  A vampire knight (Vaults:2)
  A minotaur (Gauntlet)
  5 entropy weavers
  3 spark wasps (Spider:4)
  4 merfolk javelineers
  Josephine (D:10)
  A blizzard demon (Depths:1)
  4 merfolk impalers
  2 yaktaur captains
  2 great orbs of eyes
  3 rakshasas
  8 vault guards (D:13)
  3 ironbound thunderhulks
  2 catoblepae
  2 merfolk avatars
  10 centaur warriors
  An ice dragon (Lair:3)
  6 hydras
  7 boulder beetles
  2 alligator snapping turtles
  2 death knights
  2 ironbound frosthearts
  3 satyrs
  Erica (D:8)
  6 merfolk aquamancers (Shoals:4)
  5 two-headed ogres
  2 death scarabs (Gauntlet)
  4 death yaks (Shoals:2)
  A vampire mage (Depths:1)
  An ironbound beastmaster (Vaults:1)
  4 tengu warriors
  2 orc high priests (Orc:2)
  12 spriggans (Lair:6)
  Sonja (D:13)
  4 sun demons (Depths:1)
  2 glowing orange brains
  7 sea snakes
  A flayed ghost (Depths:1)
  15 deep trolls
  A deep elf archer (Orc:2)
  4 lindwurms
  6 orc knights
  7 ironbound convokers
  2 spectral hydras (Gauntlet)
  3 wizards
  21 wolf spiders
  A deep elf pyromancer (D:14)
  A deep elf zephyrmancer (Orc:2)
  15 orb spiders
  18 harpies
  A necromancer (Vaults:2)
  28 ugly things
  4 cyclopes
  12 manticores
  6 orc sorcerers
  21 fauns
  12 elephants
  A black mamba (shapeshifter) (D:15)
  3 moths of wrath
  11 merfolk sirens
  8 water nymphs
  Joseph (D:7)
  5 vault sentinels
  13 cane toads
  5 black mambas
  Maggie (D:7)
  2 torpor snails (Spider:4)
  A freezing wraith (D:14)
  An unseen horror (D:12)
  3 kobold demonologists
  A rime drake (Lair:4)
  8 komodo dragons
  9 demonic crawlers
  4 ice devils (Depths:1)
  2 yaktaurs (Vaults:1)
  27 merfolk
  27 jumping spiders
  3 large abominations (Gauntlet)
  5 wind drakes
  8 trolls
  6 polar bears
  14 hornets
  A tyrant leech (shapeshifter) (D:15)
  36 blink frogs
  9 slime creatures
  7 dream sheep
  A stone giant simulacrum (Vaults:2)
  9 snapping turtles
  A spectral black mamba (Gauntlet)
  A vampire (D:13)
  71 redbacks
  A spriggan (shapeshifter) (D:15)
  4 wyverns
  7 wraiths
  2 shadows
  A human (Shoals:4)
  3 steam dragons
  5 water elementals
  15 tarantellas
  5 hogs
  A spectral komodo dragon (Gauntlet)
  40 yaks
  4 basilisks
  3 vampire mosquitoes (D:12)
  Grum (D:9)
  3 wargs
  6 small abominations (Gauntlet)
  3 swamp worms (Gauntlet)
  5 acid dragons
  16 water moccasins
  Duvessa (D:6)
  10 ice beasts
  12 black bears
  37 orc warriors
  A sky beast (D:8)
  27 wolves
  4 boggarts (Lair:6)
  8 centaurs
  8 ogres
  A human skeleton (Vaults:2)
  2 phantoms
  4 kobold brigands
  A wyvern zombie (D:7)
  14 bullfrogs
  A gnoll sergeant (D:10)
  2 scorpions (D:11)
  An ogre simulacrum (Vaults:2)
  Dowan (D:6)
  A water moccasin skeleton (D:2)
  5 killer bees (D:11)
  6 howler monkeys
  4 wights (D:4)
  3 electric eels
  3 crimson imps (Depths:1)
  4 centaur zombies
  25 orc priests
  3 hounds
  3 jellies
  3 bullfrog skeletons
  36 orc wizards
  7 hell rats (Lair:6)
  5 iguanas
  2 howler monkey skeletons
  19 gnolls
  9 adders
  A shadow imp (D:5)
  5 white imps
  An ufetubus (D:4)
  2 worms
  5 dart slugs
  87 orcs
  5 ball pythons
  3 bats
  6 endoplasms
  3 giant cockroaches (D:1)
  31 goblins
  20 hobgoblins
  13 jackals
  5 quokkas
  2 frilled lizards
  20 kobolds
  6 rats
1267 creatures vanquished.

Vanquished Creatures (others)
  A sea snake (Shoals:4)
  A wizard (Vaults:1)
  3 merfolk (Shoals:4)
  Edmund (D:4)
  2 hounds (D:4)
  2 orc wizards
  An adder (D:4)
  An orc (Orc:2)
  A goblin (D:4)
  A kobold (D:4)
  27 fungi
  185 plants
  14 withered plants (Gauntlet)
240 creatures vanquished.

Grand Total: 1507 creatures vanquished

Notes
Turn   | Place    | Note
-------+----------+-------------------------------------------
     0 | D:1      | timneilson the Gargoyle Fighter began the quest for the
                  | Orb.
     0 | D:1      | Reached XP level 1. HP: 14/14 MP: 1/1
   177 | D:1      | Reached XP level 2. HP: 19/19 MP: 2/2
   676 | D:1      | Reached XP level 3. HP: 23/23 MP: 3/3
   919 | D:1      | Identified a scroll of acquirement
   919 | D:1      | Acquired a manual of Fighting
  1020 | D:2      | Reached XP level 4. HP: 17/29 MP: 4/4
  1484 | D:2      | Found a faded altar of an unknown god.
  1559 | D:2      | Reached XP level 5. HP: 33/33 MP: 5/5
  2152 | D:3      | Found a shimmering blue altar of Sif Muna.
  2156 | D:3      | Found a transporter.
  2156 | D:3      | Noticed HuGe's ghost (amateur HuBe)
  2204 | D:3      | Found a transporter.
  2384 | D:3      | Noticed an ogre
  2923 | D:3      | Reached XP level 6. HP: 38/39 MP: 6/6
  3398 | D:4      | Noticed Edmund
  3556 | D:4      | Reached skill level 5 in Shields
  3658 | D:4      | Reached skill level 5 in Armour
  3811 | D:4      | Reached skill level 5 in Fighting
  3811 | D:4      | Reached XP level 7. HP: 14/44 MP: 7/7
  4032 | D:4      | Found a shimmering altar of Xom.
  4737 | D:4      | Killed Edmund
  4963 | D:5      | Entered Level 5 of the Dungeon
  4979 | D:5      | Reached XP level 8. HP: 23/51 MP: 8/8
  5336 | D:5      | Found a staircase to the Ecumenical Temple.
  5369 | Temple   | Entered the Ecumenical Temple
  5484 | Temple   | Became a worshipper of Warmaster Okawaru
  6318 | D:6      | Reached skill level 5 in Long Blades
  6340 | D:6      | Reached skill level 1 in Invocations
  6364 | D:6      | Noticed Duvessa
  6366 | D:6      | Noticed Dowan
  6382 | D:6      | Killed Duvessa
  6395 | D:6      | Killed Dowan
  6447 | D:6      | Found a glowing golden altar of the Shining One.
  6531 | D:6      | Identified the ring "Usol" {rElec rN+ MP+9 Dex+3}
  6907 | D:7      | Reached * piety under Okawaru
  6908 | D:7      | Reached XP level 9. HP: 33/57 MP: 10/10
  7017 | D:7      | Found a white marble altar of Elyvilon.
  7130 | D:7      | Found a hazy altar of Hepliaklqana.
  7269 | D:7      | Found Emadom's Antique Weapon Boutique.
  7382 | D:7      | Noticed Maggie
  7385 | D:7      | Noticed Joseph
  7398 | D:7      | Killed Maggie
  7422 | D:7      | Killed Joseph
  7422 | D:7      | Reached ** piety under Okawaru
  7474 | D:7      | Found a sacrificial altar of Ru.
  7878 | D:8      | Noticed Gastronok
  8040 | D:8      | Reached XP level 10. HP: 49/64 MP: 12/12
  8122 | D:8      | Noticed Erica
  8133 | D:8      | Killed Erica
  8133 | D:8      | Reached *** piety under Okawaru
  8167 | D:8      | Killed Gastronok
  8167 | D:8      | Reached **** piety under Okawaru
  8233 | D:8      | Identified the +1 ring mail of Servitude {Str+4 Dex-4 SInv}
  8252 | D:8      | Found Adiffer's General Store.
  8633 | D:9      | Found a glowing silver altar of Zin.
  8633 | D:9      | Found an opulent altar of Gozag.
  8634 | D:9      | Found a basalt altar of Yredelemnul.
  8801 | D:9      | Noticed a two-headed ogre
  8811 | D:9      | Killed a two-headed ogre
  8812 | D:9      | Reached skill level 5 in Invocations
  8812 | D:9      | Reached XP level 11. HP: 56/72 MP: 14/14
  8837 | D:9      | Reached skill level 10 in Shields
  8953 | D:9      | Reached ***** piety under Okawaru
  8960 | D:9      | Reached skill level 10 in Armour
  8984 | D:9      | Noticed Grum
  8992 | D:9      | Killed Grum
  8994 | D:9      | Reached skill level 10 in Fighting
  9021 | D:9      | Noticed a two-headed ogre
  9031 | D:9      | Killed a two-headed ogre
  9052 | D:9      | Found a hide-covered altar of Uskayaw.
  9059 | D:9      | Gained mutation: You sometimes lose the ability to read
                  | scrolls when taking damage. [a neqoxec]
  9065 | D:9      | Gained mutation: You expend magic power (3 MP) to
                  | strengthen your wands. [a neqoxec]
  9301 | D:10     | Entered Level 10 of the Dungeon
  9315 | D:9      | Identified the +7 chain mail of Veis {Str+3} (Okawaru
                  | gifted it to you on level 9 of the Dungeon)
  9315 | D:9      | Received a gift from Okawaru
  9355 | D:10     | Noticed Josephine
  9378 | D:10     | Killed Josephine
  9379 | D:10     | Reached skill level 1 in Evocations
  9399 | D:10     | Noticed a two-headed ogre
  9418 | D:10     | Killed a two-headed ogre
  9489 | D:10     | Found a runed translucent gate.
  9489 | D:10     | Found a runed translucent gate.
  9661 | D:10     | Noticed an obsidian statue
  9682 | D:10     | Noticed Thraspic's ghost (journeyman VSCK)
  9683 | D:10     | Found a runed translucent gate.
  9684 | D:10     | Found a viscous altar of Jiyva.
 10232 | D:11     | Reached XP level 12. HP: 79/79 MP: 16/16
 10360 | D:11     | Found a staircase to the Lair.
 10391 | D:11     | Found a staircase to the Orcish Mines.
 10486 | D:11     | Noticed a two-headed ogre
 10491 | D:11     | Killed a two-headed ogre
 10793 | Lair:1   | Entered Level 1 of the Lair of Beasts
 10810 | Lair:1   | Noticed a six-headed hydra
 10819 | Lair:1   | Killed a two-headed hydra
 10918 | Lair:1   | Found a transporter.
 10945 | Lair:1   | Noticed avis's ghost (journeyman OpTm)
 10950 | Lair:1   | Found a transporter.
 10954 | Lair:1   | Noticed a five-headed hydra
 10961 | Lair:1   | Killed a one-headed hydra
 10995 | Lair:1   | Received a gift from Okawaru
 11151 | Lair:1   | Noticed a great orb of eyes
 11189 | Lair:1   | Found a one-way gate to the infinite horrors of the Abyss.
 11244 | Lair:1   | Received a gift from Okawaru
 11668 | Lair:2   | Found a gate leading to a gauntlet.
 11668 | Lair:2   | Noticed a four-headed hydra
 11672 | Lair:2   | Noticed a six-headed hydra
 11674 | Lair:2   | Killed a one-headed hydra
 11683 | Lair:2   | Killed a two-headed hydra
 11734 | Gauntlet | Entered a Gauntlet
 11734 | Gauntlet | Found a transporter.
 11734 | Gauntlet | Found a transporter.
 11744 | Gauntlet | Found a transporter.
 11744 | Gauntlet | Found a transporter.
 11753 | Gauntlet | Found a transporter.
 11761 | Gauntlet | Noticed a catoblepas
 11764 | Gauntlet | Found a transporter.
 11770 | Gauntlet | Noticed a reaper
 11771 | Gauntlet | Noticed a death scarab
 11773 | Gauntlet | Found a transporter.
 11775 | Gauntlet | Found a transporter.
 11775 | Gauntlet | Found a transporter.
 11781 | Gauntlet | Found a transporter.
 11796 | Gauntlet | Noticed a death scarab
 11817 | Gauntlet | Found a transporter.
 11835 | Gauntlet | Found a transporter.
 11841 | Gauntlet | Noticed a death yak
 11842 | Gauntlet | Noticed a death yak
 11880 | Gauntlet | Found a transporter.
 11882 | Gauntlet | Noticed a death yak
 11898 | Gauntlet | Found a transporter.
 11997 | Gauntlet | Found a transporter.
 12011 | Gauntlet | Found a transporter.
 12346 | Gauntlet | Identified the ring "Doudaama" {Str+6 SInv}
 12363 | Gauntlet | Reached skill level 10 in Long Blades
 12420 | Gauntlet | Reached XP level 13. HP: 83/85 MP: 18/18
 12456 | Gauntlet | Got the Incunabulum of Arcane Weapons and the Traveller
 12510 | Gauntlet | Noticed a minotaur
 12524 | Gauntlet | Killed a minotaur
 12707 | Lair:2   | Identified the +0 helmet of Lifelessness {Harm rPois Will+
                  | Dex-4}
 12760 | Lair:2   | Received a gift from Okawaru
 13774 | Lair:3   | Noticed an ice dragon
 13800 | Lair:3   | Killed an ice dragon
 14428 | Lair:3   | Got the Reference Book on Evil Secrets and Confrontation
 14785 | Lair:4   | Received a gift from Okawaru
 14795 | Lair:4   | Gained mutation: Your large and strong wings let you fly.
                  | [Gargoyle growth]
 14795 | Lair:4   | Reached XP level 14. HP: 39/92 MP: 20/20
 14866 | Lair:4   | Reached skill level 5 in Evocations
 15031 | Lair:4   | Found a staircase to the Shoals.
 15339 | Lair:4   | Found a hole to the Spider Nest.
 15736 | Lair:5   | You are sucked into a shaft and drop 1 floor!
 15736 | Lair:6   | Entered Level 6 of the Lair of Beasts
 15958 | Lair:5   | Noticed Rupert
 15986 | Lair:5   | Killed Rupert
 16382 | Lair:6   | Received a gift from Okawaru
 16803 | Lair:6   | Reached ****** piety under Okawaru
 16809 | Lair:6   | Received a gift from Okawaru
 16964 | Lair:6   | Reached XP level 15. HP: 91/99 MP: 21/21
 17158 | Lair:6   | Found a viscous altar of Jiyva.
 17158 | Lair:6   | Found a staircase to the Slime Pits.
 17513 | Orc:1    | Entered Level 1 of the Orcish Mines
 17656 | Orc:1    | Found a transporter.
 17674 | Orc:1    | Found a transporter.
 17768 | Orc:2    | Entered Level 2 of the Orcish Mines
 17861 | Orc:2    | Found a staircase to the Elven Halls.
 18352 | Orc:2    | Found Eseug's Antique Weapon Shop.
 18352 | Orc:2    | Found Tyhuorgh's Jewellery Shop.
 18353 | Orc:2    | Found Cegeitz's Weapon Boutique.
 18356 | Orc:2    | Found Eqeguvit's Assorted Antiques.
 18362 | Orc:2    | Bought a scroll labelled HYREOS OXTO for 21 gold pieces
 18362 | Orc:2    | Bought a scroll of identify for 42 gold pieces
 18362 | Orc:2    | Bought a scroll of identify for 42 gold pieces
 18362 | Orc:2    | Bought a scroll of fear for 73 gold pieces
 18476 | Orc:2    | Noticed an orc warlord
 18637 | Orc:2    | Killed an orc warlord
 18637 | Orc:2    | Received a gift from Okawaru
 18796 | Orc:1    | Noticed an orc warlord
 18829 | Orc:2    | Killed an orc warlord
 19754 | D:12     | Received a gift from Okawaru
 19942 | D:13     | Noticed Nessos
 19950 | D:13     | Noticed Sonja
 19951 | D:13     | Killed Nessos
 19972 | D:13     | Killed Sonja
 20130 | D:13     | Identified the +6 war axe of the Hierophant {elec, Will+
                  | Int+5}
 20223 | D:13     | Identified the +2 pair of gloves of the Depths {Fly rPois
                  | rF+ Slay-5}
 20319 | D:13     | Reached skill level 10 in Invocations
 20687 | D:13     | Found a gate to the Vaults.
 20734 | D:13     | Received a gift from Okawaru
 20742 | D:13     | Reached XP level 16. HP: 106/106 MP: 23/23
 20815 | D:14     | Identified the ring "Toasich" {Wiz rF+ Int+2}
 20843 | D:14     | Found a flagged portal.
 20855 | Bailey   | Entered a bailey
 21039 | Bailey   | Reached skill level 15 in Armour
 21039 | Bailey   | Reached skill level 15 in Shields
 21039 | Bailey   | Reached XP level 17. HP: 111/111 MP: 24/24
 21154 | Bailey   | Acquired a +0 crystal plate armour
 21155 | Bailey   | Acquired a manual of Long Blades
 22153 | D:15     | Entered Level 15 of the Dungeon
 22153 | D:15     | Found a blossoming altar of Fedhas.
 22226 | D:15     | Found Lomocraw's Magic Scroll Boutique.
 22234 | D:15     | Bought a scroll of enchant armour for 120 gold pieces
 22234 | D:15     | Bought a scroll of teleportation for 48 gold pieces
 22234 | D:15     | Bought a scroll of blinking for 120 gold pieces
 22234 | D:15     | Bought a scroll of identify for 32 gold pieces
 22278 | D:15     | Received a gift from Okawaru
 22528 | D:15     | Found a staircase to the Depths.
 22643 | D:15     | Lost mutation: You sometimes lose the ability to read
                  | scrolls when taking damage. [potion of mutation]
 22643 | D:15     | Lost mutation: You expend magic power (3 MP) to strengthen
                  | your wands. [potion of mutation]
 22643 | D:15     | Gained mutation: Your mind is acute. (Int +2) [potion of
                  | mutation]
 22643 | D:15     | Gained mutation: You are agile. (Dex +2) [potion of
                  | mutation]
 22693 | Depths:1 | Entered Level 1 of the Depths
 23270 | Depths:1 | Found a gateway to Hell.
 23274 | Depths:1 | Noticed Nikola
 23286 | Depths:1 | Killed Nikola
 23551 | Depths:1 | Identified the amulet "Usmev" {Spirit rElec Str+4 Int+2}
 24103 | Shoals:1 | Entered Level 1 of the Shoals
 24315 | Shoals:1 | Found Poipowe's Magic Scroll Shop.
 24324 | Shoals:1 | Reached XP level 18. HP: 110/117 MP: 26/26
 24356 | Shoals:1 | Bought a scroll of acquirement for 936 gold pieces
 24356 | Shoals:1 | Bought a scroll of acquirement for 936 gold pieces
 24356 | Shoals:1 | Bought a scroll of enchant armour for 135 gold pieces
 24356 | Shoals:1 | Bought a scroll of enchant armour for 135 gold pieces
 24356 | Shoals:1 | Acquired the +5 kite shield "Iveariu" {rF+ rC+}
 24358 | Shoals:1 | Acquired the +6 double sword "Yhan" {vorpal, rPois MP+9
                  | Int+3}
 24409 | Shoals:1 | Identified the -1 pair of gloves of Okawaru's Condemnation
                  | {Str+2 Dex+2 Slay-4 SInv} (Okawaru gifted it to you on
                  | level 1 of the Shoals)
 24409 | Shoals:1 | Received a gift from Okawaru
 25034 | Shoals:2 | Noticed Louise
 25056 | Shoals:2 | Killed Louise
 25244 | Shoals:2 | Noticed Polyphemus
 25268 | Shoals:2 | Killed Polyphemus
 25680 | Shoals:2 | Reached skill level 15 in Long Blades
 26017 | Shoals:3 | Reached skill level 15 in Fighting
 26054 | Shoals:3 | Found Ziliukurgh's Distillery.
 26222 | Shoals:3 | Identified the +2 tower shield of the Untouchables {rPois
                  | rF- MP+9 Dex+6} (Okawaru gifted it to you on level 3 of the
                  | Shoals)
 26222 | Shoals:3 | Received a gift from Okawaru
 26648 | Shoals:4 | Entered Level 4 of the Shoals
 26648 | Shoals:4 | Noticed Aizul
 26660 | Shoals:4 | Killed Aizul
 26870 | Shoals:4 | Identified the amulet of the Princeling {Acrobat -Tele rF-
                  | Dex+8 SInv}
 26891 | Shoals:4 | Identified the +1 ring mail of Privacy {rF+++ rC- MP+9
                  | Str+5}
 26894 | Shoals:4 | Noticed Kirke
 27108 | Shoals:4 | Killed Kirke
 27196 | Shoals:4 | Reached XP level 19. HP: 124/124 MP: 27/27
 27203 | Shoals:4 | Got a barnacled rune of Zot
 27523 | Shoals:4 | Identified the +0 helmet "Qauluppu" {Harm Regen+ rCorr
                  | Stlth+}
 28011 | Spider:1 | Entered Level 1 of the Spider Nest
 28127 | Spider:1 | Got the Collected Works on Bewitchment
 28721 | Spider:2 | Identified the +6 plate armour of Intuition {rN+} (Okawaru
                  | gifted it to you on level 2 of the Spider Nest)
 28721 | Spider:2 | Received a gift from Okawaru
 28908 | Spider:2 | Got Sif Muna's Compendium of Curses and Fire
 30233 | Spider:3 | Acquired the +3 pair of seven-league boots {Rampage+∞}
 30233 | Spider:3 | Found the +3 pair of seven-league boots {Rampage+∞}
 30475 | Spider:4 | Entered Level 4 of the Spider Nest
 30618 | Spider:4 | Found a large runed translucent door.
 30619 | Spider:4 | Found a large runed translucent door.
 30621 | Spider:4 | Noticed Nausicaa's ghost (adept MiBe)
 31133 | Spider:4 | Reached XP level 20. HP: 112/131 MP: 17/29
 31173 | Spider:4 | Got a gossamer rune of Zot
 31877 | Vaults:1 | Entered Level 1 of the Vaults
 32217 | Vaults:1 | Received a gift from Okawaru
 32425 | Vaults:1 | Reached skill level 10 in Evocations
 32561 | Vaults:1 | Cast into level 2 of the Abyss (a wizard)
 32561 | Abyss:2  | Found a corrupted altar of Lugonu.
 32589 | Vaults:1 | Escaped the Abyss
 32984 | Vaults:1 | You are sucked into a shaft and drop 1 floor!
 33414 | Vaults:1 | Noticed Donald
 33433 | Vaults:1 | Killed Donald
 33746 | Vaults:2 | Found a staircase to the Crypt.
 33760 | Vaults:2 | Identified the +2 demon blade "Lerphoesch" {elec, rF- MP+9
                  | Str-5 Dex+8} (Okawaru gifted it to you on level 2 of the
                  | Vaults)
 33760 | Vaults:2 | Received a gift from Okawaru
 34290 | Vaults:2 | Slain by a vault warden

Illustrated notes

Levels and vault maps discovered:
D:1:      lemuel_arrival_broad_hall, layout_basic,
          chequers_serial_rivers_micro_a, st_stairs_5
D:2:      layout_basic, shapermc_ecumenical_altar_mp_highgroup,
          minmay_tetromino_i2
D:3:      layout_basic, nicolae_sif_muna_condensation,
          gammafunk_ghost_stat_death
D:4:      layout_loops_ring, xom_confusion_cloud, minivault_23, minmay_bisected,
          uniq_edmund
D:5:      layout_rooms, minmay_temple_entry_tees, minmay_misc_feat_roman
D:6:      layout_basic, lemuel_doored_altar, st_stairs_3, uniq_duvessa
D:7:      layout_basic, nicolae_hepliaklqana_hazy_memory,
          mainiacjoe_overflow_paths, general_overflow_altar,
          nicolae_stop_n_shop_2, kennysheep_generic_room_12, uniq_joseph,
          uniq_maggie
D:8:      layout_cave_pools, serial_shops, nicolae_shop_behind_doors,
          fountainhead, uniq_gastronok, uniq_erica
D:9:      layout_basic, nicolae_overflow_crystal_walls,
          chequers_temple_overflow_statue_of_worship, serial_bayou_pond_b,
          uniq_grum
D:10:     layout_loops_ring, gammafunk_ghost_ooze, corexii_hall_statues_s,
          minivault_15, st_stairs_9, uniq_josephine
D:11:     layout_roguey, grunt_lair_entry_orc_guard_hut, erik_orc_3
D:12:     layout_irregular_city
D:13:     layout_basic, erik_vaults_2, minmay_holes, uniq_nessos, uniq_sonja
D:14:     layout_basic, dk_noncrumbling_2, enter_bailey_3, serial_rivers,
          chequers_serial_rivers_large_b, chequers_serial_rivers_small_b,
          chequers_serial_rivers_marsh, chequers_serial_rivers_room_a,
          chequers_serial_rivers_micro_d, lemuel_flamethrower_2
D:15:     gammafunk_enter_depths_forms, layout_cave_pools, serial_shops, shop,
          fedhas_altar_1
Temple:   minmay_temple_bridge_abc
Lair:1:   layout_cave_pods, gammafunk_ghost_abyssal_escape,
          infiniplex_staircase_pool
Lair:2:   layout_cellular_growth, gauntlet_entry_generic
Lair:3:   beast_lair_carwin_large_2, layout_cave_pods, ice2_lemuel,
          grunt_megastairs_5
Lair:4:   layout_regular_city, elwin_shoals_entry_rooms, spider_nest_entry_webs,
          grunt_megastairs_4
Lair:5:   layout_misc_corridors, lemuel_fruit_fields, serial_bayou_shore_b,
          serial_bayou_shore_a, uniq_rupert
Lair:6:   minmay_lair_end_enchanted_forest, layout_cave_shapes,
          dpeg_slime_entry_enclosed_altar, infiniplex_staircase_pool_2
Shoals:1: layout_shoals, serial_shops, nicolae_shop_trees
Shoals:2: layout_shoals, nicolae_shoals_isolated_beach, uniq_louise,
          uniq_polyphemus
Shoals:3: layout_shoals, serial_shops, nicolae_shop_waterfront
Shoals:4: shoals_end_grunt_garden, layout_shoals, nicolae_shoals_water_shrine,
          uniq_aizul, uniq_kirke
Spider:1: layout_spider_delve
Spider:2: layout_spider_delve
Spider:3: layout_chambers
Spider:4: spider_rune_water, ebering_ghost_disaster_area
Orc:1:    gammafunk_beogh_shrine, layout_caves
Orc:2:    st_orc_mages, layout_diamond_mine, elf_legates
Vaults:1: v_misc_3, nicolae_vaults_network_barrier,
          nicolae_vaults_ninety_degrees, nicolae_vaults_bisected_exclaves,
          v_misc_19, ontoclasm_vaults_misaligned, vaults_mumra_hexcomb,
          vaults_mumra_minichess_inversion, layout_vaults_omnigrid, uniq_donald
Vaults:2: minmay_crypt_entry_simple_sparse, nicolae_vaults_what_the_h,
          vaults_room_grid, nicolae_vaults_theta,
          hangedman_vaults_corner_blocks, nicolae_vaults_little_squares_4,
          nicolae_vaults_border_crossing, hangedman_vaults_unwind, v_misc_26,
          grunt_vaults_bifocal, st_eye, v_misc_29, hangedman_vaults_restitches,
          vaults_room_stairs_pillars, layout_vaults_maze
Depths:1: layout_honeycomb, serial_sigils, serial_sigils_hangedman_gnaw,
          serial_sigils_hangedman_stare, serial_sigils_hangedman_gut,
          serial_sigils_hangedman_scratch, serial_sigils_hangedman_clutch,
          serial_sigils_hangedman_quiver, hell_entry, grunt_decor_one_mirror,
          minmay_fire_ice_demons, uniq_nikola

Skill      XL: |  1  2  3  4  5  6  7  8  9 10 11 12 13 14 15 16 17 18 19 20 |
---------------+-------------------------------------------------------------+-----
Long Blades    | 2 3 4 5 6 8 9 10 11 12 14 15 16 17 | 17.2
Armour         | 4 5 6 7 8 9 10 11 12 13 14 15 16 17 18 | 18.5
Shields        | 4 5 6 7 8 9 10 12 13 14 15 16 17 18 | 18.5
Fighting       | 4 5 7 8 9 10 11 12 13 14 15 16 | 16.1
Invocations    | 2 3 5 6 7 8 9 10 11 12 13 | 13.1
Evocations     | 1 3 4 5 6 7 8 9 10 | 10.3

Action                   |  1- 3 |  4- 6 |  7- 9 | 10-12 | 13-15 | 16-18 | 19-21 || total
-------------------------+-------+-------+-------+-------+-------+-------+-------++-------
Melee: Long sword        |   101 |   241 |   393 |    18 |       |       |       ||   753
       Scimitar          |       |       |       |   568 |   667 |     6 |       ||  1241
       Demon blade       |       |       |       |       |   820 |   599 |       ||  1419
       Double sword      |       |       |       |       |       |   441 |  1153 ||  1594
Invok: Heroism           |       |       |     2 |    15 |    26 |    26 |    21 ||    90
       Finesse           |       |       |       |     1 |     3 |     9 |     3 ||    16
Evoke: Wand              |       |       |       |       |       |     3 |       ||     3
  Use: Scroll            |     4 |     5 |     7 |     7 |     7 |    12 |     3 ||    45
       Potion            |       |     8 |     6 |       |     1 |     6 |     3 ||    24
 Stab: Invisible         |       |       |     6 |       |       |       |       ||     6
       Held in net/web   |       |       |       |       |       |       |     1 ||     1
Armor: Scale mail        |    59 |   150 |   261 |    26 |       |       |       ||   496
       Plate armour      |       |       |       |    74 |    93 |    17 |       ||   184
       Chain mail        |       |       |       |   255 |   496 |       |       ||   751
       Crystal plate arm |       |       |       |       |       |   513 |   806 ||  1319
Dodge: Dodged            |    33 |    85 |   126 |   168 |   305 |   238 |   306 ||  1261
Block: Kite shield       |    47 |   124 |   212 |   360 |   965 |   703 |   984 ||  3395
       Reflection        |       |       |       |     1 |    16 |    80 |    26 ||   123
       Rpst.: Long sword |    13 |    22 |    28 |     2 |       |       |       ||    65
       Scimitar          |       |       |       |    34 |    43 |       |       ||    77
       Demon blade       |       |       |       |       |    45 |    24 |       ||    69
       Double sword      |       |       |       |       |       |    19 |    61 ||    80

Table legend: (Time is in decaauts)
 A = Elapsed time spent in this place.
 B = Non-inter-level travel time spent in this place.
 C = Inter-level travel time spent in this place.
 D = Time resting spent in this place.
 E = Time spent auto-exploring this place.
 F = Levels seen in this place.
 G = Mean time per level.
                   A        B        C        D        E       F      G
               +--------+--------+--------+--------+--------+-----+--------+
         Total |  33397 |  31376 |   2021 |    450 |  20453 |  38 |  878.9 |
       Dungeon |  14134 |  13304 |    830 |    219 |   9241 |  15 |  942.3 |
        Temple |    265 |    243 |     22 |      0 |    236 |   1 |  265.0 |
          Lair |   5834 |   5213 |    621 |      0 |   3508 |   6 |  972.3 |
        Shoals |   3619 |   3487 |    132 |    149 |   2142 |   4 |  904.8 |
   Spider Nest |   3463 |   3299 |    164 |     47 |   2070 |   4 |  865.8 |
  Orcish Mines |   1627 |   1501 |    126 |      0 |    835 |   2 |  813.5 |
        Vaults |   2160 |   2083 |     77 |      0 |   1340 |   2 | 1080.0 |
        Depths |   1063 |   1017 |     46 |     35 |    649 |   1 | 1063.0 |
         Abyss |     27 |     27 |      0 |      0 |      0 |   1 |   27.0 |
        Bailey |    325 |    325 |      0 |      0 |     87 |   1 |  325.0 |
      Gauntlet |    875 |    875 |      0 |      0 |    345 |   1 |  875.0 |
               +--------+--------+--------+--------+--------+-----+--------+

Top non-repeatable levels by time:
     D:4: 1556 daAuts
Spider:3: 1417 daAuts
Vaults:1: 1403 daAuts
     D:3: 1324 daAuts
     D:2: 1290 daAuts
     D:7: 1176 daAuts
  Lair:3: 1158 daAuts
  Lair:2: 1088 daAuts
  Lair:4: 1075 daAuts
Depths:1: 1063 daAuts
   Orc:2: 1062 daAuts
    D:13: 1038 daAuts
Spider:4: 1016 daAuts
     D:1: 971 daAuts
Shoals:3: 969 daAuts
